[Event "*** SCC Grand Prix: Titled Tuesday Blitz"]
[Site "Chess.com"]
[Date "2020.10.06"]
[Round "9"]
[White "grzechu96"]
[Black "Aleksey_Sorokin"]
[Result "0-1"]
[WhiteElo "2699"]
[BlackElo "2830"]
[TimeControl "180+1"]
[EndTime "11:46:16 PDT"]
[Termination "Aleksey_Sorokin won by resignation"]

1. e4 c6 2. d4 d5 3. exd5 cxd5 4.
Bd3 Nc6 5. c3 Nf6 6. Bf4 Bg4 7.
Qb3 Qc8 8. Nd2 e6 9. Ngf3 Bh5 10. O-O Bg6 11. Bxg6 hxg6 12. g3 Be7 13. h4 Nh5 14. Be3 O-O 15. Kg2 Bd6 16. Ng5 f6 17. Nh3 Qc7 18. Nf3 Bxg3 19. Qc2 Ne7 20. Rae1 Nf5 21. Bc1 Rae8 22. Nhg1 Bxh4 23. Nh3 g5 24. Rh1 g4 25. Nhg1 gxf3+ 26. Nxf3 g5 27. Reg1 Kf7 28. Nxh4 Nxh4+ 29.
Rxh4 gxh4 30. Qh7+ Ng7 31. Kf1 Rg8 32. Bh6 Ke7 33. Bxg7 Kd6 34. Qh6 Qf7 35. Bxf6 Rxg1+ 36. Kxg1 Rg8+ 37. Kf1 Qg6 38. Be5+ Kc6 39. Qxh4 Qb1+ 40. Ke2 Qxb2+ 41. Kd3 Qb1+ 42. Kd2 Qxa2+ 43. Kd3 Qc4+ 44. Kd2 Qa2+ 45. Kd3 Qb1+ 46. Kd2 Rg1 0-1

[Event "*** SCC Grand Prix: Titled Tuesday Blitz"]
[Site "Chess.com"]
[Date "2020.10.06"]
[Round "9"]
[White "RobPeresian"]
[Black "NMZanette"]
[Result "1-0"]
[WhiteElo "2454"]
[BlackElo "2246"]
[TimeControl "180+1"]
[EndTime "11:46:16 PDT"]
[Termination "RobPeresian won on time"]

1. Nf3 f5 2. d4 Nf6 3. g3 g6 4.
Bg2 Bg7 5. O-O O-O 6. c4 d6 7. d5 c5 8. Nc3 Na6 9. Rb1 Nc7 10. a3 Bd7 11. b4 b6 12. Bd2 Rb8 13. bxc5 bxc5 14.
Qc2 Ng4 15. e3 e5 16. dxe6 Bxe6 17. Nb5 Nxb5 18. cxb5 h6 19. Rfd1 Kh7 20. Bc3 Qe7 21. a4 Ne5 22. Nxe5 dxe5 23. Bc6 f4 24. exf4 exf4 25.
Bxg7 Qxg7 26. Qxc5 fxg3 27. hxg3 Bg4 28. Rd4 Bf5 29.
Rbd1 Qf6 30. Qxa7+ Kh8 31. Rd6 Qb2 32. Qd4+ Qxd4 33.
R1xd4 h5 34. f3 Bc2 35. a5 Ba4 36. Rxa4 1-0

[Event "*** SCC Grand Prix: Titled Tuesday Blitz"]
[Site "Chess.com"]
[Date "2020.10.06"]
[Round "9"]
[White "DishonorOnYourCow"]
[Black "ChronicUnhappiness"]
[Result "0-1"]
[WhiteElo "2384"]
[BlackElo "2283"]
[TimeControl "180+1"]
[EndTime "11:46:16 PDT"]
[Termination "ChronicUnhappiness won by resignation"]

1. d4 Nf6 2. c4 e6 3. Nc3 Bb4 4. Bd2 O-O 5. e3 c5 6. Bd3 Nc6 7. Nf3 d5 8. cxd5 exd5 9. a3 Bxc3 10. bxc3 c4 11. Bc2 Bg4 12. h3 Bh5 13. g4 Bg6 14.
Ne5 Nxe5 15. dxe5 Bxc2 16. Qxc2 Ne4 17. O-O Qh4 18. Kg2 Rae8 19. Be1 Ng5 20. Rh1 Qh6 21. f4 Ne4 22. Rd1 Qc6 23. Rd4 f6 24. exf6 Rxf6 25.
Bh4 Rfe6 26. Rhd1 Nc5 27. Rxd5 Nd3 28. Rxd3 cxd3 29. Qxd3 Rxe3 30. Qd4 Qxc3 31. Bf2 Qxd4 32. Rxd4 Rxa3 33. Rd7 b6 34. Bd4 Re2+ 35. Kf1 Rc2 36. Rxg7+ Kf8 37. Rd7 Rb3 38. Bf2 Rf3 39. Rxa7 Rfxf2+ 40. Ke1 Rh2 41. Kd1 Rcg2 0-1

[Event "*** SCC Grand Prix: Titled Tuesday Blitz"]
[Site "Chess.com"]
[Date "2020.10.06"]
[Round "9"]
[White "The_Machine04"]
[Black "guillembaches"]
[Result "0-1"]
[WhiteElo "2320"]
[BlackElo "2422"]
[TimeControl "180+1"]
[EndTime "11:46:19 PDT"]
[Termination "guillembaches won on time"]

1. d4 d5 2. Bf4 c5 3. e3 Nc6 4. c3 Qb6 5. Qb3 c4 6. Qc2 e5 7. dxe5 Bf5 8. Qc1 g5 9. Bg3 Bg7 10. Nf3 f6 11. Nd4 Nxd4 12. exd4 fxe5 13. dxe5 h5 14. h4 gxh4 15. Rxh4 O-O-O 16. Nd2 Ne7 17. Nf3 Be4 18. Nd4 Nf5 19. Nxf5 Bxf5 20. Qg5 Bg6 21. Rd1 Rhe8 22. Be2 Bc2 23. Rd2 Bh6 24. Qxh5 Bxd2+ 25. Kxd2 Qxb2 26. Ke1 Qxc3+ 27. Kf1 Qa1+ 28. Bd1 Qxd1+ 29. Qxd1 Bxd1 30. Ke1 Ba4 31. Rd4 Bc6 32. Kd2 Kd7 33. f4 Ke6 34. Bf2 Rg8 35. g3 Rd7 36. Kc3 b5 37. a3 a5 38. Rd2 Rb7 0-1

[Event "*** SCC Grand Prix: Titled Tuesday Blitz"]
[Site "Chess.com"]
[Date "2020.10.06"]
[Round "9"]
[White "Gerasimenyuk_Miha"]
[Black "Aygehovit1992"]
[Result "0-1"]
[WhiteElo "2416"]
[BlackElo "2616"]
[TimeControl "180+1"]
[EndTime "11:46:20 PDT"]
[Termination "Aygehovit1992 won by resignation"]

1. d4 d6 2. Nf3 Nf6 3. Bg5 g6 4. e3 Bg7 5. Nbd2 O-O 6. Bd3 Nbd7 7. h4 h6 8. h5 hxg5 9. hxg6 fxg6 10. Bxg6 g4 11.
Ng5 Nb6 12. c3 e5 13. dxe5 dxe5 14. Qb3+ Qd5 15. Qc2 Rd8 16. Bf7+ Qxf7 17. Nxf7 Kxf7 18. O-O-O Be6 19. Ne4 Rxd1+ 20. Rxd1 Ke7 21. Ng5 Rg8 22.
a4 a5 23. f4 gxf3 24. gxf3 Bh6 25. Nxe6 Bxe3+ 26. Kb1 Kxe6 27. Qb3+ Kf5 28. c4 Bd4 29. Rh1 Rg2 30. Re1 Rxb2+ 31. Qxb2 Bxb2 32. Kxb2 Nxc4+ 33. Kc3 Nb6 34. Kb3 Nfd7 35. Rg1 Nc5+ 36. Ka3 Ncxa4 37. Rg7 Nc3 38. Rxc7 Nb5+ 0-1

[Event "*** SCC Grand Prix: Titled Tuesday Blitz"]
[Site "Chess.com"]
[Date "2020.10.06"]
[Round "9"]
[White "remi04"]
[Black "Snegokhod"]
[Result "0-1"]
[WhiteElo "2533"]
[BlackElo "2412"]
[TimeControl "180+1"]
[EndTime "11:46:20 PDT"]
[Termination "Snegokhod won by resignation"]

1. e4 c5 2. Nf3 d6 3. d4 cxd4 4. Nxd4 Nf6 5. Nc3 a6 6. Be3 Ng4 7. Bc1 Nc6 8. h3 Nge5 9. f4 Nxd4 10. Qxd4 Nc6 11. Qf2 e6 12. Bd3 Be7 13. O-O O-O 14. Be3 Bf6 15. Rad1 Qc7 16. e5 dxe5 17. Ne4 Be7 18.
Ng5 h6 19. Ne4 f5 20. Bb6 Qb8 21. Nc5 exf4 22. Bc4 Qe5 23. Rfe1 Qxb2 24. Nxe6 Bxe6 25. Rxe6 Kh7 26. Rd7 Bf6 27. Bd3 Rae8 28. Bxf5+ Kg8 29. Rxb7 Qc1+ 30. Kh2 f3 31. g3 Ne5 32. Bd4 Rxe6 33.
Bxe6+ Kh8 34. Be3 Qd1 35. Bf5 Rd8 36. Bxh6 gxh6 37. Rh7+ Kg8 38. Rxh6 Rd2 0-1

[Event "*** SCC Grand Prix: Titled Tuesday Blitz"]
[Site "Chess.com"]
[Date "2020.10.06"]
[Round "9"]
[White "kreonx"]
[Black "JoliyRoger"]
[Result "0-1"]
[WhiteElo "2354"]
[BlackElo "2467"]
[TimeControl "180+1"]
[EndTime "11:46:20 PDT"]
[Termination "JoliyRoger won by checkmate"]

1. e4 c6 2. d4 d5 3. e5 Bf5 4. Nf3 e6 5. Be2 Nd7 6. O-O Be7 7. Nbd2 Bg6 8. Nb3 Nh6 9. Bxh6 gxh6 10. c4 O-O 11. Qd2 Kg7 12. cxd5 cxd5 13. Rac1 Qb6 14. Bd3 a5 15. Bxg6 hxg6 16. Qe3 Rac8 17. Rxc8 Rxc8 18. Rc1 Rc4 19. Qe1 a4 20. Nbd2 Rc6 21.
Rxc6 bxc6 22. b3 a3 23. Qc1 g5 24. h3 Bb4 25. Nb1 Qa6 26. Qd1 c5 27. h4 g4 28. Ne1 f5 29. exf6+ Nxf6 30. Nd3 Qd6 31. dxc5 Bxc5 32. Qc1 Bb6 33. Nc3 g3 34. Kf1 gxf2 35.
Nxf2 Qb4 36. Ne2 Qxh4 37. g3 Qh2 38. Qc6 Qxf2# 0-1

[Event "*** SCC Grand Prix: Titled Tuesday Blitz"]
[Site "Chess.com"]
[Date "2020.10.06"]
[Round "9"]
[White "Vuk2000"]
[Black "alejanchess73"]
[Result "1-0"]
[WhiteElo "2672"]
[BlackElo "2428"]
[TimeControl "180+1"]
[EndTime "11:46:23 PDT"]
[Termination "Vuk2000 won on time"]

1. d4 Nf6 2. Bg5 e6 3. e4 h6 4. Bxf6 Qxf6 5. c3 d6 6. Bd3 Nc6 7. Ne2 Bd7 8. O-O O-O-O 9. f4 g6 10. Nd2 Bg7 11. b4 d5 12. e5 Qe7 13. a4 Rdg8 14.
a5 Nb8 15. b5 f6 16. b6 a6 17. bxc7 Kxc7 18. Qb3 Bc6 19. c4 g5 20. cxd5 Bxd5 21.
Qb6+ Kc8 22. Ne4 Bxe4 23. Bxe4 Qc7 24. Rfc1 Nc6 25. Qb3 Re8 26. Rxc6 bxc6 27. Rc1 Kd7 28. Bxc6+ Qxc6 29. Rxc6 Kxc6 30. Qb6+ Kd5 31. Qb7+ Kc4 32. Qxg7 Kd3 33. Kf2 gxf4 34. Nxf4+ Kxd4 35. exf6 e5 36. f7 Ref8 37. Ne6+ 1-0

[Event "*** SCC Grand Prix: Titled Tuesday Blitz"]
[Site "Chess.com"]
[Date "2020.10.06"]
[Round "9"]
[White "chessfrendz"]
[Black "GMJustin"]
[Result "1-0"]
[WhiteElo "2388"]
[BlackElo "2265"]
[TimeControl "180+1"]
[EndTime "11:46:24 PDT"]
[Termination "chessfrendz won on time"]

1. e4 e5 2. Nf3 Nc6 3. Bc4 Nf6 4.
d3 Be7 5. O-O O-O 6. Nc3 d6 7. Ne2 d5 8. exd5 Nxd5 9. Ng3 Be6 10. Re1 Bf6 11. Ne4 Be7 12. Nfg5 Bxg5 13. Nxg5 Bf5 14. Bd2 h6 15. Ne4 Nd4 16. c3 Ne6 17.
Qf3 Ndf4 18. Rad1 Ng5 19. Nxg5 Qxg5 20. Rxe5 Bg4 21. Qe3 Nh3+ 22. gxh3 Qxe3 23. Bxe3 Bxd1 24. Re7 Rae8 25. Bxf7+ Rxf7 26. Rxe8+ Kh7 27. Bxa7 b6 28. a3 Bf3 29. Re3 Rf5 30. Kf1 1-0

[Event "*** SCC Grand Prix: Titled Tuesday Blitz"]
[Site "Chess.com"]
[Date "2020.10.06"]
[Round "9"]
[White "vrekhson"]
[Black "andrzej"]
[Result "1-0"]
[WhiteElo "2219"]
[BlackElo "2290"]
[TimeControl "180+1"]
[EndTime "11:46:24 PDT"]
[Termination "vrekhson won by checkmate"]

1. e4 c5 2. Nf3 e6 3. c3 d5 4.
exd5 Qxd5 5. d4 Nf6 6. Bd3 Nc6 7. O-O Be7 8. h3 O-O 9. Be3 c4 10. Be2 Bd7 11. Nbd2 b5 12. a4 a6 13. Nh2 e5 14.
Bf3 e4 15. Be2 Bd6 16. f3 Bxh2+ 17. Kxh2 Qd6+ 18. Kg1 exf3 19. Bxf3 Nd5 20. Bf2 Rae8 21. Ne4 Qg6 22. Nc5 Be6 23. axb5 axb5 24. Ra6 Nce7 25. Nd7 Nf4 26. Nxf8 Rxf8 27. Kh2 Qg5 28. Bg3 Nd3 29. Be4 Bf5 30. Qf3 Bxe4 31. Qxe4 Ng6 32. b3 h5 33.
bxc4 bxc4 34. h4 Qd2 35. Rxg6 fxg6 36. Qe6+ Kh7 37. Rxf8 g5 38. Qf5+ g6 39. Qf7+ Kh6 40.
Rh8# 1-0

[Event "*** SCC Grand Prix: Titled Tuesday Blitz"]
[Site "Chess.com"]
[Date "2020.10.06"]
[Round "9"]
[White "ailime26"]
[Black "VladaSviridova"]
[Result "0-1"]
[WhiteElo "1862"]
[BlackElo "2246"]
[TimeControl "180+1"]
[EndTime "11:46:24 PDT"]
[Termination "VladaSviridova won on time"]

1. e4 e6 2. d4 d5 3. Nc3 Bb4 4. e5 c5 5. a3 Bxc3+ 6. bxc3 Ne7 7. f4 Nbc6 8. Nf3 Qc7 9. Be2 O-O 10. O-O Na5 11. Nh4 Bd7 12. Bd3 cxd4 13. cxd4 Qc3 14.
Be3 Nc4 15. Bf2 h6 16. Kh1 Nb2 17. Qf3 Nxd3 18. cxd3 Bb5 19. Rfd1 Rac8 20. f5 exf5 21. Nxf5 Nxf5 22. Qxf5 Rc6 23. Be1 Qxd4 24. Bf2 Qc3 25. d4 Ba4 26. Rf1 Bc2 27. Qg4 Be4 28. Bg1 Qc2 29. Rf2 Qc3 30. Raf1 Rg6 31. Qf4 Qxd4 32. Rf3 Qc4 33. Rg3 Qc2 34. Rxg6 Bxg6 35. Rf2 Qe4 36.
Qxe4 Bxe4 37. Rb2 b6 38. Bd4 Rc8 0-1

[Event "*** SCC Grand Prix: Titled Tuesday Blitz"]
[Site "Chess.com"]
[Date "2020.10.06"]
[Round "9"]
[White "MasterMK73"]
[Black "barbara25"]
[Result "1-0"]
[WhiteElo "2221"]
[BlackElo "2309"]
[TimeControl "180+1"]
[EndTime "11:46:25 PDT"]
[Termination "MasterMK73 won by resignation"]

1. e4 c5 2. Nf3 d6 3. Bb5+ Nd7 4.
O-O e5 5. Re1 Nf6 6. c3 Be7 7.
d4 O-O 8. Bg5 cxd4 9. cxd4 exd4 10. Nxd4 a6 11. Bf1 Ne5 12. Nc3 Nc6 13. Nb3 b5 14. a3 h6 15. Bh4 Ne5 16. f4 Nc4 17. Bxc4 bxc4 18. Nd2 Qb6+ 19. Bf2 Qxb2 20. Bd4 Qb7 21.
Nxc4 Be6 22. Nb6 Rad8 23. f5 Bc8 24. Rb1 Qc7 25. Rc1 Qb7 26. Ncd5 Nxd5 27. Nxd5 Bg5 28. Rc7 Qb3 29. f6 g6 30. Rc3 Qb7 31. g3 Be6 32. h4 Bxd5 33. exd5 Qxd5 34. hxg5 Qxg5 35. Qf3 Rfe8 36. Rxe8+ Rxe8 37. Re3 Rc8 38. Bc3 h5 39. Qf4 Qxf4 40. gxf4 Rc4 41. Rf3 d5 42. Rd3 Rxf4 43.
Rxd5 Rc4 44. Bb4 Rf4 45. Be7 Rc4 46. Rd8+ Kh7 47. Rf8 g5 48. Rxf7+ Kg6 49. Rg7+ Kh6 50. f7 Rc1+ 51. Kf2 Rc2+ 52. Ke3 Rc3+ 53. Ke4 Rc4+ 54.
Ke5 Rc5+ 55. Bxc5 1-0

[Event "*** SCC Grand Prix: Titled Tuesday Blitz"]
[Site "Chess.com"]
[Date "2020.10.06"]
[Round "9"]
[White "Lion-Al-Messi"]
[Black "alexrustemov"]
[Result "1-0"]
[WhiteElo "2545"]
[BlackElo "2711"]
[TimeControl "180+1"]
[EndTime "11:46:26 PDT"]
[Termination "Lion-Al-Messi won on time"]

1. e4 e6 2. d4 d5 3. e5 c5 4. c3 Qb6 5. f4 cxd4 6. cxd4 Nh6 7. Nf3 Nc6 8. Bd3 Bd7 9. Bc2 Nb4 10. Be3 Nxc2+ 11.
Qxc2 Qa6 12. Nc3 Rc8 13. Bf2 Bb4 14. h3 O-O 15. g4 Bb5 16. f5 Bd3 17. Qd2 Be4 18. f6 Bxf3 19. Rg1 Bxc3 20. bxc3 Rxc3 21. Rg3 Rfc8 22. Rxf3 Rxf3 23. Qg5 Qa5+ 24. Kf1 Qb5+ 25. Kg1 Kf8 26. Rc1 Rxc1+ 27. Qxc1 Qc4 28. Qd2 gxf6 29.
Qxh6+ Ke7 30. exf6+ Ke8 31. Qg5 Qb4 32. Kg2 Rd3 33.
Qg8+ Qf8 34. Qxh7 Rd2 35. Qb1 Qd6 36. Qxb7 Rc2 37. Qa8+ Qd8 38. Qxd8+ Kxd8 39. h4 Rxa2 40. h5 Ke8 41. h6 Kf8 42. h7 Ke8 43. h8=Q+ Kd7 44. Qf8 Kc6 45. Qxf7 Kb5 46. Qxe6 Kc4 47. Qc6+ Kd3 48. Qxd5 1-0

[Event "*** SCC Grand Prix: Titled Tuesday Blitz"]
[Site "Chess.com"]
[Date "2020.10.06"]
[Round "9"]
[White "Vamostodorecto"]
[Black "Mr_Sinigami"]
[Result "0-1"]
[WhiteElo "2374"]
[BlackElo "2499"]
[TimeControl "180+1"]
[EndTime "11:46:27 PDT"]
[Termination "Mr_Sinigami won by checkmate"]

1. d4 Nf6 2. c4 c5 3. d5 b5 4. cxb5 a6 5. Nc3 g6 6. e4 d6 7.
Nf3 Bg7 8. a4 O-O 9. Be2 axb5 10.
Bxb5 Ne8 11. O-O Nc7 12. Bc4 Ba6 13. Qe2 Bxc4 14. Qxc4 Nba6 15. Bg5 Nb4 16. Rad1 Qd7 17.
e5 Nc2 18. Qh4 Rfe8 19. Rd2 Nd4 20. Nxd4 cxd4 21. Rxd4 Bxe5 22. Rd3 Bxc3 23. bxc3 Rxa4 24. Qh6 f6 25. Rh3 e6 26. Bxf6 Nxd5 27. Bd4 e5 28.
Re1 Re7 29. Be3 Rf7 30. Bg5 Rc4 31. Rd3 Nxc3 32. Rxe5 Ne2+ 33. Rxe2 Qb5 34. Rd1 Rg4 35. Rde1 Rf8 36. Bf6 Qb7 37. Re7 Qxg2# 0-1

[Event "*** SCC Grand Prix: Titled Tuesday Blitz"]
[Site "Chess.com"]
[Date "2020.10.06"]
[Round "9"]
[White "Playgood28"]
[Black "DonBroca"]
[Result "1-0"]
[WhiteElo "2297"]
[BlackElo "2168"]
[TimeControl "180+1"]
[EndTime "11:46:27 PDT"]
[Termination "Playgood28 won by resignation"]

1. d4 Nf6 2. c4 g6 3. Nc3 d5 4.
e3 Bg7 5. Nf3 O-O 6. b4 Bf5 7. Bb2 Nc6 8. a3 a6 9. Rc1 dxc4 10.
Bxc4 Rc8 11. h3 h5 12. O-O Nd7 13. e4 Nb6 14. Bb3 Bd7 15. Re1 e5 16. d5 Ne7 17.
Ne2 Kh7 18. Bxe5 Bxe5 19. Nxe5 f6 20. Nf3 Ng8 21. Ned4 Nh6 22. Qd2 Qe7 23. e5 fxe5 24.
Rxe5 Qg7 25. Rce1 Rce8 26. Ng5+ Kh8 27. Nde6 Bxe6 28. dxe6 Qf6 29. e7 Rf7 30. Nxf7+ Nxf7 31. Bxf7 Qxf7 32. Qd8 Kg7 33. Qxc7 Na8 34. Qc3 Kh7 35. h4 Nb6 36. Qc7 Na8 37. Qxb7 Kh6 38. R1e3 Qf6 39.
Qe4 Qd6 40. Re6 Kh7 1-0

[Event "*** SCC Grand Prix: Titled Tuesday Blitz"]
[Site "Chess.com"]
[Date "2020.10.06"]
[Round "9"]
[White "ethylalcohol"]
[Black "gagtemp"]
[Result "0-1"]
[WhiteElo "2113"]
[BlackElo "1966"]
[TimeControl "180+1"]
[EndTime "11:46:27 PDT"]
[Termination "gagtemp won on time"]

1. d4 e6 2. Bf4 d5 3. Nf3 Nf6 4. e3 c5 5. Nbd2 Nc6 6. c3 Bd6 7. Bg3 b6 8. Ne5 Bb7 9. f4 O-O 10. Bd3 Ne7 11. Qb1 g6 12. O-O Nf5 13. Bf2 Be7 14.
g4 Nd6 15. f5 Nfe4 16. Nxe4 dxe4 17. Bc2 exf5 18. dxc5 bxc5 19. Rd1 Qc7 20. Bg3 Qb6 21. a4 a5 22. Qa2 Rad8 23. Kf2 fxg4 24. Nxg4 Nf5 25.
Be5 c4 26. Qxc4 h5 27. Bd4 Nxd4 28. cxd4 hxg4 29. b3 Bd5 30. Qe2 Qd6 31. Rh1 Qe6 32. h3 g3+ 33. Ke1 Bxb3 34. Bxe4 Qxe4 35. Rg1 Bb4+ 36. Kf1 Qf5+ 37. Kg2 Qf2+ 38. Qxf2 gxf2 39. Kxf2 Rfe8 40. h4 Kh7 41. Rg2 Bd2 42. Rg3 Bc3 43.
h5 gxh5 44. Rh1 Rd5 45. e4 Rxe4 46. Kf3 Re6 47. Rhg1 Rf5+ 48. Kg2 Rg6 0-1

[Event "*** SCC Grand Prix: Titled Tuesday Blitz"]
[Site "Chess.com"]
[Date "2020.10.06"]
[Round "9"]
[White "MasterSonnevanck23"]
[Black "MikeSailer"]
[Result "0-1"]
[WhiteElo "2349"]
[BlackElo "2120"]
[TimeControl "180+1"]
[EndTime "11:46:29 PDT"]
[Termination "MikeSailer won by resignation"]

1. e4 d5 2. exd5 Qxd5 3. Nc3 Qd6 4. Nf3 Nf6 5. g3 c6 6. Bg2 Bf5 7. O-O e6 8. d3 Be7 9. Bf4 Qd8 10. Qd2 Nbd7 11.
Nh4 Bg4 12. h3 Bh5 13. g4 Bg6 14. Nxg6 hxg6 15. Bg3 Nb6 16. a4 a5 17. Qe2 Nbd5 18. Ne4 O-O 19. Nxf6+ gxf6 20. h4 Kg7 21. h5 Rh8 22.
hxg6 Kxg6 23. Be4+ Kg7 24. Kg2 Bd6 25. Rh1 Qc7 26. Rxh8 Rxh8 27. Bxd5 cxd5 28. Bxd6 Qxd6 29.
Rh1 Rxh1 30. Kxh1 Qf4 31. Kg2 Qxa4 32. b3 Qd4 33. f3 Qc3 34. Kh3 b5 35. Qe3 a4 36.
bxa4 bxa4 37. g5 a3 38. gxf6+ Qxf6 39. Qa7 Qc3 40. Kg4 Kg6 41. Qe7 Qd4+ 42. f4 Qg1+ 43.
Kf3 a2 44. Qf8 Qf1+ 45. Kg3 Qe1+ 46. Kf3 Qh1+ 47. Kg3 a1=Q 48. Qg8+ Qg7 0-1

[Event "*** SCC Grand Prix: Titled Tuesday Blitz"]
[Site "Chess.com"]
[Date "2020.10.06"]
[Round "9"]
[White "vladgoncharov"]
[Black "GelmanAlexander"]
[Result "1-0"]
[WhiteElo "2477"]
[BlackElo "2574"]
[TimeControl "180+1"]
[EndTime "11:46:30 PDT"]
[Termination "vladgoncharov won by resignation"]

1. d4 Nf6 2. c4 c5 3. d5 b5 4.
cxb5 a6 5. b6 d6 6. Nc3 Nbd7 7. e4 Rb8 8. Nf3 g6 9. a4 Qxb6 10. h3 Bg7 11. Bd3 O-O 12. O-O Nh5 13. Qe2 Ne5 14. a5 Qb7 15. Nxe5 Bxe5 16. Qf3 f5 17. exf5 Bxf5 18. Bxf5 Rxf5 19. Qe4 Nf6 20. Qc4 Bxc3 21. bxc3 Nxd5 22. Bd2 e6 23. g4 Rf3 24. Rab1 Qxb1 25. Rxb1 Rxb1+ 26. Kg2 Rf7 27. Qxa6 Rb2 28. Bh6 Rbxf2+ 29. Kg3 R2f3+ 30. Kh4 g5+ 31. Kxg5 Ne7 32. Qa8+ Rf8 33. Bxf8 Rxf8 34. Qe4 Kf7 35. Qxh7+ Ke8 36. a6 Rg8+ 37. Kh4 Kd7 38. a7 Ra8 39. g5 Rxa7 40. g6 Kc6 41. g7 Nf5+ 42. Qxf5 Rxg7 43. Qxe6 Rd7 44. c4 Rb7 45. Kg5 Rb4 46. h4 Rb1 47. Qc8+ Kb6 48. Qb8+ 1-0

[Event "*** SCC Grand Prix: Titled Tuesday Blitz"]
[Site "Chess.com"]
[Date "2020.10.06"]
[Round "9"]
[White "Chessdude1987"]
[Black "CM_rui"]
[Result "1-0"]
[WhiteElo "2254"]
[BlackElo "2355"]
[TimeControl "180+1"]
[EndTime "11:46:32 PDT"]
[Termination "Chessdude1987 won by checkmate"]

1. e4 e5 2. f4 exf4 3. Bc4 d6 4. d4 Nf6 5. Nc3 Bg4 6. Nf3 Nc6 7. O-O Qd7 8. Bxf4 O-O-O 9. b4 Nxb4 10. Rb1 d5 11. exd5 Nfxd5 12. Nxd5 Nxd5 13. Bd2 Nb6 14.
Bd3 Bxf3 15. Qxf3 Qxd4+ 16. Be3 Qc3 17. Rb3 Qa5 18. Be4 Qa6 19. a4 f6 20. a5 Qxa5 21.
Bxb7+ Kb8 22. c4 Bc5 23. Bxc5 Qxc5+ 24. Kh1 Qxc4 25. Rfb1 Rhe8 26. Bc6 Re6 27. Bb5 Qc5 28. h3 g5 29. Ba6 c6 30. Rb5 Qd6 31. Rxb6+ axb6 32. Rxb6+ Ka7 33. Qb3 Rb8 34. Rb7+ Rxb7 35. Qxb7# 1-0

[Event "*** SCC Grand Prix: Titled Tuesday Blitz"]
[Site "Chess.com"]
[Date "2020.10.06"]
[Round "9"]
[White "annamaja"]
[Black "AniJak"]
[Result "1-0"]
[WhiteElo "2266"]
[BlackElo "2350"]
[TimeControl "180+1"]
[EndTime "11:46:32 PDT"]
[Termination "annamaja won by checkmate"]

1. e4 c6 2. d4 d5 3. exd5 cxd5 4. Nf3 Nc6 5. Bd3 Nf6 6. c3 g6 7. h3 Bf5 8. Bxf5 gxf5 9. Qd3 e6 10. Bg5 Be7 11. Nbd2 Ne4 12. Bxe7 Qxe7 13. Ne5 Nxe5 14. dxe5 O-O-O 15. Qe3 Kb8 16. O-O-O Qc7 17. f4 d4 18.
Qf3 dxc3 19. Nxe4 cxb2+ 20. Kxb2 fxe4 21. Qxe4 Rxd1 22. Rxd1 Rc8 23. Qd3 Qb6+ 24. Ka1 a6 25. Qd6+ Ka7 26. Qxb6+ Kxb6 27. Kb2 Rc7 28. Rd8 Kc5 29.
Rh8 f6 30. exf6 Rf7 31. g4 Kd4 32. g5 Ke4 33. Rxh7 Rxh7 34. g6 Rh6 35. f7 Rxg6 36. f8=Q Rg2+ 37. Kb3 Rg3+ 38. Kc4 Rxh3 39. Qd6 Rh5 40.
Qd4+ Kf5 41. Qe5+ Kg4 42. Qe2+ Kh4 43. Qxe6 Rb5 44. f5 Kg5 45. f6 Rf5 46. f7 b5+ 47. Kb4 Rf4+ 48. Ka5 Rf6 49. Qxf6+ Kxf6 50. f8=Q+ Ke5 51.
Qc5+ Ke4 52. Kxa6 Kf3 53. Kxb5 Kg2 54. a4 Kf3 55. a5 Ke2 56. a6 Kf3 57. a7 Kg2 58.
a8=Q+ Kg3 59. Qaa3+ Kf4 60. Qab4+ Kf3 61. Qcc3+ Kf2 62.
Qbb2+ Kf1 63. Qcc1# 1-0

[Event "*** SCC Grand Prix: Titled Tuesday Blitz"]
[Site "Chess.com"]
[Date "2020.10.06"]
[Round "9"]
[White "Mikhail_Golubev"]
[Black "Leonid_Starozhilov"]
[Result "1-0"]
[WhiteElo "2538"]
[BlackElo "2678"]
[TimeControl "180+1"]
[EndTime "11:46:36 PDT"]
[Termination "Mikhail_Golubev won by resignation"]

1. e4 d6 2. d4 Nf6 3. Nc3 e5 4. Nf3 exd4 5. Qxd4 Be7 6. Bf4 Nc6 7. Qd2 Bg4 8.
O-O-O Nh5 9. Be3 O-O 10. Be2 Re8 11. h3 Bxf3 12. gxf3 g6 13. f4 Nf6 14. f5 Bf8 15. h4 Nxe4 16. Nxe4 Rxe4 17. fxg6 hxg6 18. h5 Rxe3 19.
Qxe3 g5 20. h6 Qf6 21. Rdg1 Be7 22. f4 Kh8 23. fxg5 Qe5 24. Qxe5+ Nxe5 25. Rg2 Rg8 26. Rhg1 a5 27. c3 c6 28. Kc2 Rd8 29. Rf1 Kg8 30.
Bh5 Rf8 31. g6 fxg6 32. Rxf8+ Bxf8 33. Bxg6 Bxh6 34. Bf5+ Kf8 35. Bc8 b5 36. b4 axb4 37. cxb4 Ke7 38. Bf5 Be3 39. Bd3 c5 40. bxc5 Bxc5 41.
Bxb5 Nf3 42. Rg7+ Kf6 43. Rb7 Nd4+ 44. Kd3 Ke6 45. a4 Nb3 46. Bc4+ Ke5 47. Bxb3 1-0

[Event "*** SCC Grand Prix: Titled Tuesday Blitz"]
[Site "Chess.com"]
[Date "2020.10.06"]
[Round "9"]
[White "hurricane7791"]
[Black "AldokhinIvan"]
[Result "1-0"]
[WhiteElo "2711"]
[BlackElo "2546"]
[TimeControl "180+1"]
[EndTime "11:46:37 PDT"]
[Termination "hurricane7791 won by resignation"]

1. d4 Nf6 2. c4 g6 3. f3 Bg7 4. e4 O-O 5. Be3 c6 6. Nc3 d5 7. cxd5 cxd5 8. e5 Nfd7 9. f4 Nc6 10.
Nf3 Nb6 11. Bf2 Bg4 12. Bd3 Nb4 13. Be2 Rc8 14. a3 Nc6 15. O-O Na5 16. h3 Bxf3 17. Bxf3 e6 18. Be2 Nbc4 19. Qc2 Qb6 20. Rab1 Qb3 21.
Rfc1 Rc6 22. Bd1 Qxc2 23. Rxc2 Rfc8 24. Ne2 Nb3 25. Be1 Bf8 26. Rc3 Nbd2 27. Bxd2 Nxd2 28. Rbc1 Ne4 29. Rxc6 bxc6 30. Bc2 Nd2 31. Kf2 c5 32. dxc5 Bxc5+ 33. Ke1 Nc4 34. b4 Be3 35. Ra1 Nxa3 36. Rxa3 Bb6 37. Kd2 Rc7 38. Bd3 h6 39. g4 g5 40. f5 exf5 41. gxf5 Re7 42. Rb3 Rxe5 43. Rc3 h5 44. Rc6 h4 45. f6 g4 46. Rc8+ 1-0

[Event "*** SCC Grand Prix: Titled Tuesday Blitz"]
[Site "Chess.com"]
[Date "2020.10.06"]
[Round "9"]
[White "Tenamu"]
[Black "HanSchut"]
[Result "1-0"]
[WhiteElo "2373"]
[BlackElo "2247"]
[TimeControl "180+1"]
[EndTime "11:46:37 PDT"]
[Termination "Tenamu won on time"]

1. d4 Nf6 2. Nc3 d5 3. Bf4 e6 4. a3 Bd6 5. e3 O-O 6. Nf3 b6 7. Bd3 Bb7 8. h4 Ne4 9. g4 Nd7 10. g5 f5 11. h5 Be7 12. Rg1 c5 13. Nb5 c4 14. Be2 Re8 15. Nc7 Bd6 16. Nxa8 Bxa8 17. Bxd6 Nxd6 18. Ne5 Nxe5 19. dxe5 Ne4 20. f4 Qe7 21.
Bf3 Qc5 22. Qd4 Qa5+ 23. Ke2 Nc5 24. Rgb1 Qb5 25. Kf2 Bb7 26. Kg3 Qd7 27. a4 Qf7 28. b4 cxb3 29. cxb3 Ba6 30. b4 Nd7 31. b5 Bc8 32. a5 Nc5 33. axb6 axb6 34. Ra8 Ne4+ 35. Bxe4 fxe4 36. Rc1 Qxh5 37. Qd1 Qxd1 38. Rxd1 Bd7 39. Rxe8+ Bxe8 40. Rc1 Bxb5 41. Rb1 Bc4 42. Rxb6 Kf7 43. g6+ hxg6 44. Kg4 d4 45. exd4 e3 46. Kf3 e2 47.
Kf2 g5 48. f5 exf5 49. Rc6 Bd5 50. Rc7+ Kg6 51. Kxe2 f4 52. Rd7 Be4 53. d5 g4 54. d6 g3 55. Ra7 f3+ 56. Ke3 f2 57. Ra1 Kf5 58. d7 1-0

[Event "*** SCC Grand Prix: Titled Tuesday Blitz"]
[Site "Chess.com"]
[Date "2020.10.06"]
[Round "9"]
[White "Ladislav1969"]
[Black "AndreyNeves"]
[Result "0-1"]
[WhiteElo "2348"]
[BlackElo "2246"]
[TimeControl "180+1"]
[EndTime "11:46:37 PDT"]
[Termination "AndreyNeves won on time"]

1. e4 e5 2. Bc4 Nf6 3. d3 c6 4. Nf3 d5 5. Bb3 Bd6 6. Nc3 d4 7. Ne2 O-O 8. O-O Be6 9. c3 Nbd7 10. cxd4 exd4 11. Bxe6 fxe6 12. Nfxd4 Qe7 13. Bg5 Bxh2+ 14. Kh1 Bc7 15. f4 Qf7 16. Ng3 h6 17. Bxf6 Qxf6 18. Nde2 Qh4+ 19. Kg1 Bxf4 20. Rxf4 Rxf4 21. Nxf4 Qxf4 22.
Qf3 Qxf3 23. gxf3 Ne5 24. f4 Nxd3 25. Rd1 Nxf4 26. Rd7 Rf8 27. Rxb7 Rf7 28. Rb8+ Kh7 29. Rc8 h5 30. Rxc6 h4 31. Nf1 Rf6 32. Ne3 Rg6+ 33. Kh2 Rg3 34. Nf1 Rg2+ 35. Kh1 Rxb2 36. Ne3 Rxa2 37. Ng4 h3 38. Rc7 Kg6 39. Ne5+ Kf6 40.
Ng4+ Kg5 41. Rxg7+ Kh4 0-1